 Dungeon Crawl Stone Soup version 0.20-a0-941-gba1b1f9 (webtiles) character file.

693 Leszczynek the Cudgeler (level 7, 0/60 HPs)
             Began as a Gargoyle Wanderer on Mar 31, 2017.
             Was a Follower of Nemelex Xobeh.
             Killed from afar by a crimson imp (13 damage)
             ... with a wand of acid (?/15)
             ... on level 5 of the Dungeon.
             The game lasted 00:19:43 (5159 turns).

Leszczynek the Cudgeler (Gargoyle Wanderer)         Turns: 5159, Time: 00:19:44

Health: 0/60       AC: 12    Str: 22    XL:     7   Next: 64%
Magic:  8/8        EV: 15    Int: 12    God:    Nemelex Xobeh [*.....]
Gold:   175        SH:  4    Dex: 15    Spells: 8/8 levels left

rFire    . . .     SeeInvis .   p - +0 flail
rCold    . . .     Gourm    .   f - +0 buckler
rNeg     + . .     Faith    .   m - +0 ring mail
rPois    ∞         Spirit   .   (no helmet)
rElec    +         Reflect  .   (no cloak)
rCorr    .         Harm     .   (no gloves)
MR       .....                  (no boots)
Stlth    ..........             (no amulet)
Regen    0.2/turn               s - +3 ring of protection
MPRegen  0.2/turn               (no ring)

@: agile, berserking, very quick
A: negative energy resistance 1, electricity resistance, unbreathing,
petrification resistance, rot immunity, AC +4
a: Renounce Religion


You were on level 5 of the Dungeon.
You worshipped Nemelex Xobeh.
Nemelex Xobeh was aware of your devotion.
You were not hungry.

You visited 1 branch of the dungeon, and saw 5 of its levels.

You collected 175 gold pieces.

Inventory:

Hand Weapons
 a - a +2 dagger
 h - a +0 morningstar
 p - a +0 flail (weapon)
 q - a +0 mace
Missiles
 o - 6 javelins (quivered)
 v - 18 tomahawks
Armour
 e - a +0 scale mail
 f - a +0 buckler (worn)
 m - a +0 ring mail (worn)
Jewellery
 s - a +3 ring of protection (left hand)
Wands
 B - a wand of confusion (19/48)
Scrolls
 l - a scroll of identify {@r1}
 w - a scroll of blinking
Potions
 c - a potion of flight {unknown}
 g - a potion of invisibility {unknown}
 i - a potion of agility
 j - 3 potions of heal wounds {unknown}
 u - 2 potions of brilliance {unknown}
 x - a potion of degeneration {unknown}
 z - 2 potions of curing {@q1}
 C - a potion of mutation {unknown}
Miscellaneous
 b - a plain deck of destruction {god gift}
 y - a plain deck of destruction {god gift}
Comestibles
 d - 5 bread rations
 k - a royal jelly
 n - 2 meat rations
 r - 2 chunks of flesh
 t - 3 fruits


   Skills:
 - Level 2.4 Fighting
 + Level 7.4 Maces & Flails
 - Level 1.0 Throwing
 - Level 2.1 Stealth
 - Level 2.4 Shields
 - Level 1.0 Spellcasting
   Level 1.1 Conjurations
   Level 2.6 Summonings


You had 8 spell levels left.
You didn't know any spells.

Dungeon Overview and Level Annotations

Branches:
Dungeon (5/15)
 Temple: D:4-7

Altars:
Fedhas
Hepliaklqana
Kikubaaqudgha
Makhleb
Nemelex Xobeh

Annotations:
D:2 Sigmund
D:4 exclusion: downstairs, derval's ghost, amateur GrEE
D:5 Ijyb


Innate Abilities, Weirdness & Mutations

You are resistant to torment.
Your stone body is resilient. (AC +4)
You are immune to poison.
You resist negative energy. (rN+)
You are resistant to electric shocks. (rElec)
You can survive without breathing.
You are immune to petrification.
You are immune to rotting.


Message History

Enter note: what
Enter note: Unknown command.
Enter note: Unknown command.
Unknown command.
Enter note: it's not in the notes (of course), but the fucker just hit me for ~30 out of nowhere
Enter note: a crimson imp
Enter note: with a wand of acid
Enter note: after 8 turns of swinging at me with no weapon You feel agile all of a sudden.
The crimson imp barely misses you.
Really quaff
A - a potion of berserk rage {!q}?
A red film seems to cover your vision as you go berserk!
You feel yourself moving faster!
You feel mighty! The crimson imp misses you.
You miss the crimson imp.
The crimson imp shouts, "Scamper away, thou vain base-court wagtail!"
The crimson imp zaps a wand.
The bolt of acid hits you!
You die...
Your body disappears without a glow.

#.#..#####.#
#........#.#
#####.........#
#.........#.#.#
#.##......###.#
#.###.........#
(5........#####
..###.#(5.#
......#@..##
......#....#
.^......#..#
......#.#..#
.#....###..##
.....
##).#######
.....
#.>......# ....
########.# .


You could see a crimson imp.

Vanquished Creatures
  Eustachio (D:5)
  A phantom (D:4)
  A scorpion (D:4)
  A howler monkey (D:5)
  3 hounds
  An orc wizard (D:4)
  4 worker ants
  A hound skeleton (D:3)
  4 adders
  A shadow imp (D:5)
  An ooze (D:1)
  An adder skeleton (D:4)
  3 worms (D:3)
  2 dart slugs (D:1)
  3 leopard geckos (D:4)
  13 orcs
  4 bats
  4 giant cockroaches
  10 hobgoblins
  6 jackals (D:3)
  A quokka (D:3)
  6 frilled lizards
  7 goblins
  A leopard gecko skeleton (D:5)
  6 rats
86 creatures vanquished.

Notes
Turn   | Place    | Note
-------+----------+-------------------------------------------
     0 | D:1      | Leszczynek the Gargoyle Wanderer began the quest for the Orb.
     0 | D:1      | Leszczynek set off with: a +2 dagger, a potion of berserk rage {!q}, the Tome of Earth, a bread ration, a +0 robe, a +0 buckler
     0 | D:1      | Reached XP level 1. HP: 12/12 MP: 2/2
     0 | D:1      | 15/12/9 (4/4/4)
     0 | D:1      | Identified the Tome of Earth
     0 | D:1      | the famous randart starting Wn book
     0 | D:1      | with two spells
     0 | D:1      | both pretty shit
     5 | D:1      | Noticed an electric eel
   434 | D:1      | Reached XP level 2. HP: 17/17 MP: 3/3
   453 | D:1      | Reached skill level 2 in Shields
  1207 | D:2      | Reached skill level 2 in Fighting
  1284 | D:2      | Reached XP level 3. HP: 6/21 MP: 4/4
  1558 | D:2      | Found a blossoming altar of Fedhas.
  1560 | D:2      | Found a burning altar of Makhleb.
  1560 | D:2      | Found a sparkling altar of Nemelex Xobeh.
  1560 | D:2      | Found an ancient bone altar of Kikubaaqudgha.
  1562 | D:2      | hm
  1565 | D:2      | you know the gods aren't really great
  1565 | D:2      | when you recoil in disgust at the thought of gameplay implications of worshipping one
  1565 | D:2      | nemelex - deck management
  1565 | D:2      | fedhas - shroom management
  1565 | D:2      | etc
  1565 | D:2      | and makhleb is bad too
  1565 | D:2      | Became a worshipper of Nemelex Xobeh the Trickster
  1566 | D:2      | kill me now
  1639 | D:2      | Received a gift from Nemelex Xobeh
  1713 | D:2      | Noticed Sigmund
  2057 | D:2      | Reached skill level 1 in Maces & Flails
  2203 | D:2      | Reached XP level 4. HP: 25/27 MP: 5/5
  2335 | D:3      | Reached skill level 2 in Maces & Flails
  2786 | D:3      | Found a hazy altar of Hepliaklqana.
  3074 | D:3      | Reached skill level 3 in Maces & Flails
  3304 | D:3      | Reached * piety under Nemelex Xobeh
  3612 | D:4      | Reached XP level 5. HP: 21/31 MP: 6/6
  3748 | D:4      | Reached skill level 4 in Maces & Flails
  3918 | D:4      | Noticed derval's ghost (amateur GrEE)
  3922 | D:4      | oh boy
  3923 | D:4      | XD
  4174 | D:4      | Reached XP level 6. HP: 34/36 MP: 7/7
  4205 | D:4      | Reached skill level 5 in Maces & Flails
  4387 | D:4      | Noticed a phantom
  4445 | D:4      | Killed a phantom
  4517 | D:4      | Reached skill level 6 in Maces & Flails
  4574 | D:4      | Received a gift from Nemelex Xobeh
  4626 | D:4      | how can sandblast do 12 damage through 12 AC
  4626 | D:4      | i bet i wouldn't be able to do that with sandblast no matter the spell power
  4725 | D:5      | Entered Level 5 of the Dungeon
  4725 | D:5      | Noticed Ijyb
  4796 | D:5      | i like how ijyb is now a super threat at the level of sigmund/grinder or higher
  4808 | D:5      | Noticed Eustachio
  4842 | D:5      | Reached XP level 7. HP: 31/40 MP: 8/8
  5095 | D:5      | Killed Eustachio
  5095 | D:5      | Reached skill level 7 in Maces & Flails
  5157 | D:5      | what
  5157 | D:5      | it's not in the notes (of course), but the fucker just hit me for ~30 out of nowhere
  5157 | D:5      | a crimson imp
  5157 | D:5      | with a wand of acid
  5157 | D:5      | after 8 turns of swinging at me with no weapon
  5159 | D:5      | Killed from afar by a crimson imp

Vault maps used:
D:1:      arrival_aquarium_a, kennysheep_minor_cross, kennysheep_small_spiral,
          grunt_decor_arrowhead
D:2:      chequers_temple_overflow_statue_of_worship, first_bread,
          nicolae_qazlal_eye_of_the_storm, uniq_crazy_yiuf_cottage, uniq_sigmund
D:3:      overflow_temple_1_default, guppyfry_early_orc_mine
D:4:      glass_columns_c
D:5:      uniq_blork_the_orc, uniq_eustachio, uniq_prince_ribbit1, uniq_iyjb

Skill      XL: |  1  2  3  4  5  6  7 |
---------------+----------------------+-----
Shields        | 2 |  2.4
Fighting       | 2 |  2.4
Maces & Flails | 1 3 4 6 7 |  7.4
Throwing       | |  1.0
Stealth        | |  2.1
Spellcasting   | |  1.0
Conjurations   | |  1.1
Summonings     | |  2.6

Action                   |  1- 3 |  4- 6 |  7- 9 || total
-------------------------+-------+-------+-------++-------
Melee: Dagger            |   118 |   120 |       ||   238
       Mace              |       |   147 |       ||   147
       Flail             |       |    49 |    69 ||   118
Evoke: Wand              |       |       |     2 ||     2
  Use: Potion            |     1 |       |     2 ||     3
       Scroll            |       |    10 |     1 ||    11
 Stab: Sleeping          |     1 |       |       ||     1
       Confused          |       |       |     1 ||     1
  Eat: Chunk             |     4 |     9 |     1 ||    14
Armor: Robe              |     2 |       |       ||     2
       Ring mail         |    48 |   148 |    50 ||   246
Dodge: Dodged            |    49 |   137 |    54 ||   240
Block: Buckler           |    21 |    71 |    15 ||   107
